 Dungeon Crawl Stone Soup version 0.19.5 (console) character file.

120225 Grinner the Shatterer (level 16, -7/163 HPs)
             Began as an Ogre Monk on Mar 18, 2017.
             Was the Champion of Okawaru.
             Mangled by a harpy (13 damage)
             ... on level 2 of the Shoals on Mar 19, 2017.
             The game lasted 02:19:46 (40165 turns).

Grinner the Shatterer (Ogre Monk)                  Turns: 40165, Time: 02:19:46

Health: -7/163     AC: 16    Str: 28    XL:     16   Next: 81%
Magic:  0/18       EV: 20    Int: 11    God:    Okawaru [******]
Gold:   1831       SH:  4    Dex: 18    Spells: 3 memorised, 8 levels left

rFire  + + .     SeeInvis .     Y - +5 dire flail (protect)
rCold  + + .     Gourm    .     p - +2 robe {rC+ rF+}
rNeg   . . .     Faith    .     (shield currently unavailable)
rPois  +         Spirit   +     T - +2 hat
rElec  .         Reflect  .     M - +0 cloak {+Inv}
rCorr  .         Harm     .     (gloves unavailable)
MR     +....                    (boots unavailable)
Stlth  +++.......               R - amulet of guardian spirit
                                i - ring "Iteag" {+Blink +Fly rPois Stlth+}
                                D - ring "Kaunih" {+Fly Dex+6}

@: mighty, about to teleport, protection aura, flying
A: unfitting armour, hooves 2, horns 1, large bone plates 1, clever 1, cold
resistance 1, fire resistance 1, low mp 1, poison resistance, tough skin 1, weak
1
a: Heroism, Finesse, Renounce Religion, Evoke Blink, Evoke Invisibility, Stop
Flying


You were on level 2 of the Shoals.
You worshipped Okawaru.
Okawaru was exalted by your worship.
You were not hungry.

You visited 5 branches of the dungeon, and saw 26 of its levels.

You collected 3174 gold pieces.
You spent 1343 gold pieces at shops.

Inventory:

Hand Weapons
 a - a +0 giant spiked club
 c - a +0 eveningstar
 z - a +4 great mace of holy wrath
 Y - a +5 dire flail of protection (weapon)
Missiles
 b - 14 large rocks (quivered)
Armour
 p - a +2 robe of resistance (worn)
 F - a +0 large shield
 M - a +0 cloak of invisibility (worn)
 T - a +2 hat (worn)
Rods
 q - a +0 rod of shadows (10/10)
   (You found it on level 10 of the Dungeon)
Jewellery
 e - an uncursed amulet of rage
 i - the ring "Iteag" (right hand) {+Blink +Fly rPois Stlth+}
   (You found it on level 1 of the Spider Nest)

   [ring of poison resistance]

   It protects you from poison.
   It lets you fly.
   It lets you blink.
   It makes you more stealthy.
 o - an uncursed ring of protection from magic
 r - an uncursed ring of positive energy
 D - the ring "Kaunih" (left hand) {+Fly Dex+6}
   (You bought it in a shop on level 8 of the Dungeon)

   [ring of flight]

   It affects your dexterity (+6).
   It lets you fly.
 J - an uncursed ring of ice
 K - an uncursed ring of wizardry
 P - an uncursed ring of protection from fire
 R - an amulet of guardian spirit (around neck)
Wands
 g - a wand of teleportation (0/9)
 A - a wand of digging (18/24)
 C - a wand of acid (7/15)
 H - a wand of confusion (22/48)
 O - a wand of lightning (8/15)
 W - a wand of lightning (9/15)
 X - a wand of acid (3/15)
Scrolls
 j - 5 scrolls of enchant weapon
 l - 2 scrolls of recharging
 t - 5 scrolls of immolation
 u - 3 scrolls of magic mapping
 w - a scroll of vulnerability
 x - 3 scrolls of fog
 y - 3 scrolls of amnesia
 B - 3 scrolls of remove curse
 G - 2 scrolls of holy word
 I - 3 scrolls of identify
 S - 2 scrolls of enchant armour
 V - a scroll of blinking
Potions
 d - a potion of brilliance
 h - 2 potions of magic
 n - a potion of cancellation
 s - 2 potions of haste
 v - a potion of resistance
 L - a potion of lignification
 N - 3 potions of might
 Q - 2 potions of cure mutation
Books
 U - a book of Summonings

   Spells                             Type                      Level
   a - Recall                         Summoning/Translocation      3
   b - Aura of Abjuration             Summoning                    5
   c - Summon Demon                   Summoning                    5
   d - Summon Forest                  Summoning/Translocation      5
   e - Summon Mana Viper              Hexes/Summoning              5
   f - Shadow Creatures               Summoning                    6
Comestibles
 k - 12 meat rations
 m - a beef jerky
 E - 2 slices of pizza
 Z - 9 fruits


   Skills:
 + Level 11.6 Fighting
 + Level 23.4 Maces & Flails
 + Level 2.0 Throwing
 - Level 8.2 Armour
 - Level 13.9 Dodging
 - Level 1.4 Stealth
 - Level 5.4 Shields
 - Level 5.6 Invocations
 + Level 4.5 Evocations


You had 8 spell levels left.
You knew the following spells:

 Your Spells              Type           Power        Failure   Level  Hunger
a - Apportation           Tloc           #.........   34%         1    ##.....
b - Aura of Abjuration    Summ           #.........   100%        5    ######.
c - Summon Small Mammal   Summ           #...         34%         1    ##.....


Dungeon Overview and Level Annotations

Branches:
Dungeon (15/15)            Temple (0/1) D:4            Lair (6/6) D:10
 Shoals (2/4) Lair:4       Spider (1/4) Lair:3        Slime (0/5) Lair:5
    Orc (2/2) D:11            Elf (0/3) Orc:2        Vaults (0/5) D:13
 Depths: D:15

Altars:
Ashenzari
Fedhas
Makhleb
Okawaru
Ru
Sif Muna
Uskayaw
Vehumet
Zin
Beogh

Shops:
D:6 *   D:8 (=?   D:11 :   Orc:2 !([%[   Shoals:1 =(

Portals:
Hell: Lair:6
Trove: D:11 (show abyssal rune of Zot)

Annotations:
Lair:6 exclusion: oklob plant


Innate Abilities, Weirdness & Mutations

You are too large for most types of armour.
You have tough skin. (AC +1)
You have hoof-like feet.
You have a pair of small horns on your head.
You are partially covered in large bone plates. (SH +4)
Your mind is acute. (Int +2)
Your flesh is cold resistant. (rC+)
Your flesh is heat resistant. (rF+)
Your magical capacity is low. (-10% MP)
Your system is resistant to poisons. (rPois)
You are weak. (Str -2)


Message History

Evoke which item? (* to show all) (? for menu, Esc to quit)
Zapping:
g - a wand of teleportation (will waste charges)
Press: ? - help, Shift-Dir - straight line, f - you You feel strangely unstable.
Evoking this partially-identified wand wasted a few charges.
You block the harpy's attack. The harpy claws you.
* * * LOW HITPOINT WARNING * * *
The harpy misses you. The harpy claws you but does no damage.
The harpy completely misses you. The harpy claws you but does no damage.
The siren chants a haunting song.
You easily resist.
Okay, then.
Press: ? - help, v - describe, . - travel
Here: a harpy (almost dead)
The floor.
Press: ? - help, v - describe, . - travel
Here: a harpy Some shallow water.
The harpy claws you!
You die...

≈. ≈≈≈... ##.≈≈≈≈≈≈≈
≈≈≈≈≈≈≈≈≈≈≈≈≈≈..####
.≈≈..≈≈≈
≈≈≈≈≈≈≈≈≈≈≈≈≈≈.....≈
.≈≈.≈≈.≈
≈≈≈≈≈≈≈≈≈≈≈≈≈.....≈≈
≈≈E.
≈≈≈≈≈≈≈≈≈≈≈≈≈≈≈≈≈≈≈≈
≈≈≈≈≈≈≈≈≈≈≈≈≈≈≈≈≈≈≈≈
≈≈≈≈≈≈≈≈≈≈.≈≈≈≈≈≈≈≈≈
≈≈≈≈≈≈≈≈≈.##≈≈≈≈≈≈≈≈
$≈≈≈≈≈≈≈≈.##@≈≈≈≈≈.≈
...≈≈≈≈≈m..HH≈≈.....
....≈≈≈≈≈≈≈≈H≈≈.#...
.....≈≈≈≈≈≈≈≈≈≈..# #
.....≈≈≈≈≈≈≈≈≈≈..#
......≈≈≈≈≈≈≈≈≈≈..#
......≈≈≈≈≈≈≈≈≈≈....
......≈≈≈≈≈≈≈≈≈≈≈≈≈.
....≈≈≈≈≈≈≈≈≈≈≈≈


You could see a siren and 3 harpies.

Vanquished Creatures
  Saint Roka (Orc:2)
  Kirke (Shoals:1)
  A ghost moth (Spider:1)
  A dire elephant (Lair:6)
  Josephine (D:10)
  2 merfolk impalers (Shoals:1)
  Harold (D:10)
  An ogre mage (D:13)
  3 catoblepae
  2 centaur warriors
  12 hydras
  2 merfolk aquamancers (Shoals:2)
  2 tengu warriors
  The ghost of Naiya55 the Geomancer, a novice GrEE of Vehumet (D:10)
  A sun demon (Lair:6)
  An orc high priest (Orc:2)
  A deep elf knight (D:13)
  A skeletal warrior (D:13)
  A sixfirhy (Lair:6)
  5 sea snakes
  2 unseen horrors (D:11)
  A wizard (Lair:6)
  Pikel (D:6)
  8 hill giants
  9 harpies
  3 orb spiders (Spider:1)
  2 orc sorcerers
  A necromancer (Lair:4)
  3 orc knights (Orc:2)
  A faun (Shoals:1)
  A wolf spider (Spider:1)
  4 cyclopes (D:13)
  8 manticores
  3 ugly things
  2 deep elf magi (D:13)
  A moth of wrath (Spider:1)
  2 sirens (Shoals:1)
  3 elephants (Lair:4)
  2 black mambas
  3 water nymphs (Shoals:1)
  2 centaur zombies
  Psyche (D:10)
  A molten gargoyle (Lair:6)
  13 spiny frogs
  2 torpor snails
  A gargoyle (D:14)
  4 orange demons (Lair:6)
  4 yaktaurs (D:13)
  7 rime drakes
  2 tengu conjurers (D:13)
  10 komodo dragons
  3 demonic crawlers
  A hellwing (Lair:6)
  3 ice devils (Lair:6)
  A meliai (D:14)
  2 red devils (Lair:6)
  6 trolls
  A guardian mummy (D:11)
  16 merfolk
  6 jumping spiders (Spider:1)
  A polar bear (shapeshifter) (D:14)
  A wind drake (Shoals:2)
  4 polar bears
  A hornet (D:13)
  Grinder (D:5)
  Prince Ribbit (D:8)
  8 blink frogs
  3 slime creatures (D:14)
  4 two-headed ogres
  12 hippogriffs
  4 snapping turtles
  A hippogriff (shapeshifter) (D:14)
  36 redbacks
  2 shadows
  A tarantella (shapeshifter) (D:14)
  5 tarantellas
  2 wyverns
  5 water elementals
  A vampire (D:14)
  4 hogs (Shoals:1)
  4 wraiths (D:10)
  Eustachio (D:5)
  53 yaks
  A basilisk (Lair:5)
  2 fire elementals
  2 vampire mosquitoes (D:12)
  2 hungry ghosts
  A steam dragon (D:7)
  Edmund (D:6)
  2 mottled dragons
  2 wargs
  19 water moccasins
  9 porcupines
  2 elephant zombies (Lair:4)
  3 ice beasts
  6 sky beasts
  2 slaves (D:6)
  The ghost of sarsnick the Covered, an amateur MiFi (D:4)
  28 orc warriors
  2 black bears
  An eye of draining (D:14)
  9 ogres
  3 phantoms
  A necrophage (D:6)
  9 wolves
  17 centaurs
  14 crocodiles
  2 komodo dragon zombies (Lair:4)
  3 big kobolds
  10 bullfrogs
  A scorpion (D:8)
  20 killer bees
  6 electric eels
  6 wights
  9 crimson imps
  9 howler monkeys
  3 bullfrog zombies
  19 orc priests
  6 centaur skeletons
  A gnoll shaman (D:6)
  6 hounds
  6 bullfrog skeletons
  3 jellies
  3 iguanas
  38 orc wizards
  12 worker ants
  A crocodile zombie (Lair:4)
  A worker ant zombie (D:11)
  12 adders
  9 gnolls
  2 river rats (D:5)
  2 shadow imps
  2 oozes (D:2)
  2 adder skeletons
  7 worms
  A dart slug (D:1)
  6 leopard geckos
  100 orcs
  5 giant cockroaches
  9 goblins
  7 hobgoblins
  18 jackals
  22 kobolds
  3 quokkas
  2 ball pythons
  11 bats
  6 frilled lizards
  A jackal skeleton (D:9)
  A leopard gecko zombie (D:5)
  12 rats
  2 fungi (Lair:6)
  2 plants (Shoals:1)
890 creatures vanquished.

Vanquished Creatures (others)
  A human (Shoals:1)
  A sky beast (D:13)
  An orc wizard (Orc:2)
  12 fungi
  17 plants
  16 toadstools (Lair:2)
48 creatures vanquished.

Grand Total: 938 creatures vanquished

Notes
Turn   | Place    | Note
-------+----------+-------------------------------------------
     0 | D:1      | Grinner the Ogre Monk began the quest for the Orb.
     0 | D:1      | Reached XP level 1. HP: 24/24 MP: 1/1
   232 | D:1      | Reached XP level 2. HP: 33/33 MP: 2/2
   468 | D:1      | Reached XP level 3. HP: 41/41 MP: 3/3
   544 | D:1      | Reached skill level 5 in Fighting
  1046 | D:2      | Reached skill level 5 in Maces & Flails
  1158 | D:2      | Reached XP level 4. HP: 40/50 MP: 4/4
  1340 | D:2      | Found a hide-covered altar of Uskayaw.
  1342 | D:2      | Found a shattered altar of Ashenzari.
  1343 | D:2      | Found an iron altar of Okawaru.
  2361 | D:3      | Reached XP level 5. HP: 58/59 MP: 5/5
  2836 | D:3      | You fall through a shaft!
  2909 | D:4      | Reached skill level 6 in Maces & Flails
  3357 | D:4      | Noticed sarsnick's ghost (amateur MiFi)
  3369 | D:4      | Killed sarsnick's ghost
  3369 | D:4      | Reached XP level 6. HP: 59/71 MP: 6/6
  3464 | D:4      | Found a staircase to the Ecumenical Temple.
  3643 | D:4      | Noticed a sky beast
  3666 | D:4      | Killed a sky beast
  3666 | D:4      | Reached skill level 7 in Maces & Flails
  3670 | D:4      | Gained mutation: Your magical capacity is low. (-10% MP) [mutagenic meat]
  3671 | D:4      | Gained mutation: You have large cloven feet. [mutagenic meat]
  3672 | D:4      | Gained mutation: You are weak. (Str -2) [mutagenic meat]
  3743 | D:4      | Reached XP level 7. HP: 25/79 MP: 6/6
  4159 | D:5      | Entered Level 5 of the Dungeon
  4162 | D:5      | Found a blossoming altar of Fedhas.
  4435 | D:5      | Noticed Grinder
  4449 | D:5      | Killed Grinder
  4449 | D:5      | Reached skill level 8 in Maces & Flails
  4570 | D:5      | Reached XP level 8. HP: 33/92 MP: 7/7
  4579 | D:5      | Noticed Eustachio
  4603 | D:5      | Killed Eustachio
  4603 | D:5      | Reached skill level 9 in Maces & Flails
  4881 | D:5      | Gained mutation: Your magical capacity is very low. (-20% MP) [potion of mutation]
  4881 | D:5      | Gained mutation: Your system is resistant to poisons. (rPois) [potion of mutation]
  4881 | D:5      | Gained mutation: You are partially covered in large bone plates. (SH +4) [potion of mutation]
  5195 | D:6      | Reached skill level 10 in Fighting
  5492 | D:5      | Reached skill level 10 in Maces & Flails
  5896 | D:6      | Noticed Edmund
  5905 | D:6      | Killed Edmund
  5979 | D:6      | Noticed Pikel
  6023 | D:6      | Killed Pikel
  6023 | D:6      | Reached skill level 11 in Maces & Flails
  6023 | D:6      | Reached XP level 9. HP: 68/105 MP: 7/7
  6332 | D:6      | Found Zin's Purification Station.
  6334 | D:6      | Found a glowing silver altar of Zin.
  7304 | D:8      | Reached skill level 12 in Maces & Flails
  7600 | D:8      | Found Yshaic's Magic Scroll Shop.
  7649 | D:8      | Found Isad Bifra's Weapon Shoppe.
  7689 | D:8      | Noticed Prince Ribbit
  7749 | D:8      | Found Tayhajoj's Jewellery Boutique.
  7772 | D:8      | Bought the ring "Kaunih" {+Fly Dex+6} for 445 gold pieces
  7866 | D:8      | Killed Prince Ribbit
  7866 | D:8      | Reached skill level 5 in Dodging
  7946 | D:8      | Reached XP level 10. HP: 114/114 MP: 8/8
  8124 | D:9      | Reached skill level 13 in Maces & Flails
  8980 | D:10     | Entered Level 10 of the Dungeon
  9217 | D:10     | Reached skill level 14 in Maces & Flails
  9218 | D:10     | Noticed Josephine
  9239 | D:10     | Killed Josephine
  9254 | D:10     | Reached XP level 11. HP: 46/120 MP: 8/8
  9363 | D:10     | Identified a +0 rod of shadows (10/10) (You found it on level 10 of the Dungeon)
  9437 | D:10     | Noticed Psyche
  9447 | D:10     | Killed Psyche
  9536 | D:10     | Noticed Harold
  9555 | D:10     | Killed Harold
  9555 | D:10     | Reached skill level 15 in Maces & Flails
 10054 | D:10     | Noticed Naiya55's ghost (novice GrEE)
 10060 | D:10     | Noticed a hill giant
 10082 | D:10     | Killed Naiya55's ghost
 10098 | D:10     | Killed a hill giant
 10405 | D:10     | Noticed a hill giant
 10413 | D:10     | Killed a hill giant
 10413 | D:10     | Reached skill level 16 in Maces & Flails
 10430 | D:10     | Found a staircase to the Lair.
 10637 | D:10     | Noticed a hill giant
 10645 | D:10     | Killed a hill giant
 10943 | D:2      | Became a worshipper of Warmaster Okawaru
 10943 | D:2      | Reached * piety under Okawaru
 10943 | D:2      | Reached ** piety under Okawaru
 11801 | Lair:1   | Entered Level 1 of the Lair of Beasts
 11820 | Lair:1   | Reached skill level 10 in Dodging
 12127 | Lair:1   | Reached XP level 12. HP: 95/130 MP: 9/9
 12922 | Lair:2   | Noticed a six-headed hydra
 13610 | Lair:2   | Reached *** piety under Okawaru
 13624 | Lair:2   | Killed a six-headed hydra
 13624 | Lair:2   | Reached skill level 17 in Maces & Flails
 13868 | Lair:2   | Noticed a seven-headed hydra
 14880 | D:11     | Found a portal to a secret trove of treasure.
 14973 | D:11     | Found Uvaebbod's Book Boutique.
 15321 | D:11     | Found a staircase to the Orcish Mines.
 16123 | D:11     | Reached **** piety under Okawaru
 16516 | D:12     | Reached skill level 18 in Maces & Flails
 16714 | D:12     | Found a sacrificial altar of Ru.
 17142 | D:12     | Reached XP level 13. HP: 82/137 MP: 10/10
 17455 | D:12     | Reached ***** piety under Okawaru
 17530 | D:13     | Lost mutation: Your magical capacity is very low. (-20% MP) [mutagenic meat]
 17546 | D:13     | Gained mutation: Your flesh is heat resistant. (rF+) [mutagenic meat]
 17548 | D:13     | Gained mutation: You have a pair of small horns on your head. [mutagenic meat]
 17631 | D:13     | Found a deep blue altar of Sif Muna.
 17847 | D:13     | HP: 6/137 [yak (2)]
 18138 | D:13     | Noticed an ogre mage
 18310 | Lair:2   | Reached skill level 19 in Maces & Flails
 18316 | Lair:2   | Received a gift from Okawaru
 18879 | Lair:2   | Found a runed door.
 20563 | Lair:3   | Found a hole to the Spider Nest.
 21129 | Lair:4   | Reached skill level 20 in Maces & Flails
 21143 | Lair:4   | Received a gift from Okawaru
 21143 | Lair:4   | Reached XP level 14. HP: 73/146 MP: 12/12
 22071 | Lair:4   | Found a staircase to the Shoals.
 22735 | Lair:5   | Gained mutation: Your magical capacity is very low. (-20% MP) [potion of mutation]
 22735 | Lair:5   | Gained mutation: Your mind is acute. (Int +2) [potion of mutation]
 22735 | Lair:5   | Gained mutation: You have hoof-like feet. [potion of mutation]
 23031 | Lair:5   | Reached skill level 1 in Armour
 23190 | Lair:5   | Found a staircase to the Slime Pits.
 23353 | Lair:6   | Entered Level 6 of the Lair of Beasts
 24024 | Orc:1    | Entered Level 1 of the Orcish Mines
 24454 | Orc:2    | Entered Level 2 of the Orcish Mines
 24935 | Orc:2    | Found a roughly hewn altar of Beogh.
 24971 | Orc:2    | Reached skill level 21 in Maces & Flails
 25051 | Orc:2    | Found a roughly hewn altar of Beogh.
 25072 | Orc:2    | Found a staircase to the Elven Halls.
 25090 | Orc:2    | Found Nirit's Armour Shoppe.
 25130 | Orc:2    | Bought a +2 hat for 208 gold pieces
 25343 | Orc:2    | Found a roughly hewn altar of Beogh.
 25370 | Orc:2    | Found Gufedade's Distillery.
 25482 | Orc:2    | Noticed Saint Roka
 25666 | Orc:2    | Killed Saint Roka
 25666 | Orc:2    | Reached ****** piety under Okawaru
 25670 | Orc:2    | Reached skill level 5 in Armour
 25959 | Orc:2    | Found Gihokk's Antique Weapon Shoppe.
 25959 | Orc:2    | Found a roughly hewn altar of Beogh.
 25967 | Orc:2    | Found Ideimiad's Antique Armour Emporium.
 25985 | Orc:2    | Bought a glowing hat for 270 gold pieces
 26012 | Orc:2    | Bought an eveningstar for 420 gold pieces
 26291 | Orc:2    | Found a roughly hewn altar of Beogh.
 26361 | Orc:2    | Found a roughly hewn altar of Beogh.
 26372 | Orc:2    | Found Zoyng's Food Emporium.
 27025 | Spider:1 | Entered Level 1 of the Spider Nest
 27761 | Spider:1 | Got a sparkling lead ring
 27766 | Lair:3   | Identified the ring "Iteag" {+Blink +Fly rPois Stlth+} (You found it on level 1 of the Spider Nest)
 27783 | Spider:1 | Reached XP level 15. HP: 147/154 MP: 12/12
 29280 | Lair:6   | Reached skill level 22 in Maces & Flails
 29349 | Lair:6   | Received a gift from Okawaru
 29358 | Lair:6   | Found a burning altar of Makhleb.
 30365 | Lair:6   | Found a radiant altar of Vehumet.
 31166 | Lair:6   | Found a gateway to Hell.
 31782 | Spider:1 | Killed a ghost moth
 33143 | D:13     | Reached skill level 1 in Invocations
 33369 | D:13     | Reached skill level 1 in Evocations
 33756 | D:13     | Paralysed by an ogre mage for 2 turns
 34186 | D:13     | Received a gift from Okawaru
 34436 | D:13     | Reached XP level 16. HP: 163/163 MP: 14/14
 34448 | D:13     | Found a gate to the Vaults.
 34692 | D:13     | Reached skill level 1 in Shields
 34816 | D:14     | Reached skill level 23 in Maces & Flails
 35879 | D:14     | Gained mutation: Your flesh is cold resistant. (rC+) [mutagenic meat]
 36365 | D:14     | Lost mutation: Your magical capacity is very low. (-20% MP) [mutagenic meat]
 36383 | D:15     | Entered Level 15 of the Dungeon
 36404 | D:15     | HP: 12/366 [harpy (9)]
 37001 | Shoals:1 | Entered Level 1 of the Shoals
 37014 | Shoals:1 | Found Wauw's Jewellery Boutique.
 37158 | Shoals:1 | Received a gift from Okawaru
 37594 | Shoals:1 | Found Zuloerho's Antique Weapon Shoppe.
 37602 | Shoals:1 | Reached skill level 5 in Invocations
 38283 | Shoals:1 | Noticed Kirke
 38322 | Shoals:1 | Killed Kirke
 38717 | Shoals:1 | Learned a level 1 spell: Apportation
 39092 | Shoals:1 | Reached skill level 5 in Shields
 39516 | Shoals:1 | Received a gift from Okawaru
 39516 | Shoals:1 | Reached skill level 1 in Throwing
 40031 | Shoals:2 | Learned a level 5 spell: Aura of Abjuration
 40037 | Shoals:2 | Learned a level 1 spell: Summon Small Mammal
 40164 | Shoals:2 | HP: 5/163 [harpy (6)]
 40165 | Shoals:2 | Mangled by a harpy

Skill      XL: |  1  2  3  4  5  6  7  8  9 10 11 12 13 14 15 16 |
---------------+-------------------------------------------------+-----
Fighting       | 5 6 7 9 11 | 11.6
Maces & Flails | 5 6 7 8 11 12 14 16 18 20 21 22 23 | 23.4
Dodging        | 5 8 10 11 13 | 13.9
Armour         | 5 8 |  8.2
Invocations    | 3 5 |  5.6
Evocations     | 2 4 |  4.5
Shields        | 5 |  5.4
Throwing       | 2 |  2.0
Stealth        | |  1.4

Action                   |  1- 3 |  4- 6 |  7- 9 | 10-12 | 13-15 | 16-18 || total
-------------------------+-------+-------+-------+-------+-------+-------++-------
Melee: Mace              |   136 |   199 |   235 |       |       |       ||   570
       Kick              |       |     2 |   105 |   370 |   642 |   218 ||  1337
       Dire flail        |       |       |    30 |   123 |   475 |   300 ||   928
       Whip              |       |       |   197 |   808 |       |       ||  1005
       Headbutt          |       |       |       |       |   400 |   132 ||   532
       Giant spiked club |       |       |       |       |   402 |       ||   402
       Eveningstar       |       |       |       |       |   599 |       ||   599
       Great mace        |       |       |       |       |    10 |   219 ||   229
Throw: Large rock        |       |       |       |       |       |     2 ||     2
Invok: Heroism           |       |       |       |       |    10 |     1 ||    11
       Finesse           |       |       |       |       |       |     1 ||     1
 Abil: Evoke Berserk Rag |     3 |     7 |     2 |       |     8 |     4 ||    24
       Evoke Invisibilit |       |       |       |       |     1 |     4 ||     5
       Evoke Flight      |       |       |       |       |       |     1 ||     1
Evoke: Wand              |       |       |       |     9 |       |     2 ||    11
       Box of beasts     |       |       |       |     1 |       |       ||     1
  Use: Potion            |       |       |    12 |    11 |     7 |     4 ||    34
       Scroll            |       |       |    11 |     6 |    15 |    11 ||    43
 Stab: Sleeping          |     3 |     2 |     2 |     4 |     9 |       ||    20
       Invisible         |       |       |     7 |       |       |     7 ||    14
       Distracted        |       |       |       |       |       |     4 ||     4
  Eat: Chunk             |     3 |    18 |    11 |    16 |    32 |    20 ||   100
       Royal jelly       |       |       |     1 |       |       |       ||     1
       Meat ration       |       |       |     1 |       |       |       ||     1
       Bread ration      |       |       |       |     3 |     8 |     1 ||    12
       Beef jerky        |       |       |       |     1 |     1 |     1 ||     3
       Pizza             |       |       |       |       |       |     1 ||     1
Armor: Robe              |    64 |    45 |    47 |    75 |   127 |    75 ||   433
       Skin              |       |       |    19 |     2 |       |    39 ||    60
       Steam dragon scal |       |       |       |    12 |       |       ||    12
       Troll leather arm |       |       |       |       |    39 |       ||    39
Dodge: Dodged            |   110 |   118 |   156 |   439 |  1039 |   376 ||  2238
Block: Other             |       |       |    40 |   104 |   198 |    65 ||   407
